 Dungeon Crawl Stone Soup version 0.31.0-11-ge490571c62 (webtiles) character file.

Game seed: 3602682167789169293

58 Rassilon the Sneak (level 3, -1/16 HPs)
             Began as a Spriggan Enchanter on Feb 10, 2024.
             Succumbed to a goblin's poison
             ... on level 3 of the Dungeon.
             The game lasted 00:06:47 (1459 turns).

Rassilon the Sneak (Spriggan Enchanter)             Turns: 1459, Time: 00:06:48

Health: -1/16      AC:  2    Str:  6    XL:     3   Next: 76%
Magic:  8/8        EV: 17    Int: 16    God:
Gold:   70         SH:  0    Dex: 15    Spells: 0/8 levels left

rFire   . . .        a - +1 dagger
rCold   . . .        (no shield)
rNeg    . . .        b - +0 robe
rPois   .            (helmet restricted)
rElec   .            (no cloak)
rCorr   +            (gloves unavailable)
SInv    +            (boots unavailable)
Will    +....        (no amulet)
Stlth   +++          f - ring of resist corrosion
HPRegen 0.22/turn    q - ring of willpower
MPRegen 0.11/turn

%: no passive effects
@: lethally poisoned (-1 -> -10), very quick
A: very small, no large weapons, unfitting armour, see invisible, speed 3
a: no special abilities


You were on level 3 of the Dungeon.
You visited 1 branch of the dungeon, and saw 3 of its levels.

You collected 70 gold pieces.

Inventory:

Hand Weapons
 a - a +1 dagger (weapon)
Armour
 b - a +0 robe (worn)
Jewellery
 f - a ring of resist corrosion (left hand)
 q - a ring of willpower (right hand)
Scrolls
 e - a scroll of fear {unknown}
 i - a scroll of teleportation {unknown}
 j - a scroll of blinking {unknown}
 k - a scroll of fog {unknown}
 m - a scroll of noise {unknown}
 n - a scroll of identify {unknown}
 o - a scroll of immolation {unknown}
 p - a scroll of butterflies {unknown}
Potions
 c - 2 potions of invisibility
 g - a potion of might {unknown}
 h - a potion of berserk rage {unknown}
 l - a potion of curing {unknown}


   Skills:
 * Level 2.7 Short Blades
 + Level 3.3 Dodging
 + Level 5.1 Stealth
 + Level 3.3 Spellcasting
 - Level 3.6 Hexes


You couldn't memorise any spells.
You knew the following spells:

 Your Spells              Type           Power      Damage    Failure   Level
a - Ensorcelled Hibernat  Hex/Ice        16%        N/A       13%         2
b - Confusing Touch       Hex            14%        N/A       12%         3
c - Dazzling Flash        Conj/Hex       16%        N/A       26%         3

Your spell library contained the following spells:

 Spells                   Type           Power      Damage    Failure   Level
 Tukima's Dance           Hex            14%        N/A       12%         3
 Inner Flame              Hex/Fire       8%         N/A       26%         3
 Irradiate                Conj/Alch      1%         3d12      99%         5
 Ignition                 Fire           1%         3d3       100%        8


Dungeon Overview and Level Annotations

Branches:
Dungeon (3/15)

Altars:

Shops:
D:2 *


Innate Abilities, Weirdness & Mutations

You are very small and have problems with some larger weapons.
You are too small for most types of armour.
You have supernaturally acute eyesight. (SInv)
You cover ground extremely quickly. (Speed+++)


Message History

Found a rapier.
A goblin comes into view. It is wielding a +0 dagger of venom.
You see here 8 stones.
Found 14 gold pieces.
The helpless giant cockroach fails to defend itself.
You impale the giant cockroach!!
You kill the giant cockroach!
You see here a +0 rapier.
You hit the bush but do no damage. You hit the bush but do no damage.
The goblin shouts!
You miss the goblin.
The goblin hits you with a +0 dagger of venom.
You are poisoned.
You closely miss the goblin.
You feel sick.
The goblin hits you with a +0 dagger of venom.
You are lethally poisoned!
Casting: Ensorcelled Hibernation (safe; 13% risk of failure)
Confirm with . or Enter, or press ? or * to list all spells.
Aiming: Ensorcelled Hibernation (safe; 13% risk of failure)
Press: ? - help, Shift-Dir - straight line, f - goblin
Aim: a goblin, wielding a +0 dagger of venom (chance to affect: 59%)
The goblin resists with significant effort.
You feel very sick. The goblin closely misses you.
Casting: Ensorcelled Hibernation (safe; 13% risk of failure)
Confirm with . or Enter, or press ? or * to list all spells.
Aiming: Ensorcelled Hibernation (safe; 13% risk of failure)
Press: ? - help, Shift-Dir - straight line, f/p - goblin
Aim: a goblin, wielding a +0 dagger of venom (chance to affect: 59%)
The goblin looks drowsy...
* * * LOW HITPOINT WARNING * * *
You feel very sick.
The helpless goblin fails to defend itself.
You impale the goblin!!
You kill the goblin!
* * * LOW HITPOINT WARNING * * *
You feel sick.
It was a potion of magic.
Magic courses through your body.
You die...

#.# #.######.#
#........####
#####......#
########.###...#
#.)...(.#.........
~~.P♣♣♣P.~~#.#.#....##
P..P..P~~#.#.# .....
P♣♣.♣♣@P.#.# # #.##
♣.. ♣♣).#.# #. ♣..
♣.♣#.# P$.. ..♣ .#
♣.♣P ♣.♣ .# P .P .. ~~


There were no monsters in sight!

Vanquished Creatures
  2 dart slugs (D:1)
  5 ball pythons
  7 endoplasms
  5 giant cockroaches
  4 goblins
  3 hobgoblins (D:2)
  4 jackals (D:1)
  A quokka (D:1)
  8 bats
  2 frilled lizards (D:1)
  6 rats (D:1)
47 creatures vanquished.

Notes
Turn   | Place    | Note
-------+----------+-------------------------------------------
     0 | D:1      | Rassilon the Spriggan Enchanter began the quest for the
                  | Orb.
     0 | D:1      | Reached XP level 1. HP: 9/9 MP: 5/5
   168 | D:1      | Reached XP level 2. HP: 13/13 MP: 6/6
   482 | D:1      | Reached XP level 3. HP: 16/16 MP: 8/8
   485 | D:1      | Learned a level 2 spell: Ensorcelled Hibernation
   489 | D:1      | Learned a level 3 spell: Confusing Touch
   493 | D:1      | Learned a level 3 spell: Dazzling Flash
   709 | D:2      | Reached skill level 5 in Stealth
   785 | D:2      | Found Foytezuq's Assorted Antiques.
  1459 | D:3      | Succumbed to a goblin's poison

Illustrated notes

Levels and vault maps discovered:
D:1:      onia_arrival_pyramid, layout_basic
D:2:      layout_basic, serial_shops, nicolae_shop_trees
D:3:      layout_loops_ring, xom_redecorated, tgw_kikubaaqudgha,
          nicolae_elyvilon_peaceful_grove, serial_shops,
          nicolae_shop_just_a_little_nook, shapermc_ecumenical_altar_petra

Skill      XL: |  1  2  3 |
---------------+----------+-----
Dodging        | 3 |  3.3
Spellcasting   | 3 |  3.3
Short Blades   | 2 |  2.7
Stealth        | 5 |  5.1
Hexes          | |  3.6

Action                     || total
---------------------------++-------
  Melee: Dagger            ||   127
         Punch             ||     1
   Cast: Ensorcelled Hiber ||     6
    Use: Potion            ||     1
   Stab: Sleeping          ||    18
         Distracted        ||     2
 Armour: Robe              ||    36
  Dodge: Dodged            ||    91
